 Dungeon Crawl Stone Soup version 0.23.2-1-ga50397a (webtiles) character file.

Game seed: 1228250689889222652

379 stormannn the Skirmisher (level 6, -9/40 HPs)
             Began as a Gargoyle Fighter on May 8, 2019.
             Mangled by an ogre
             ... wielding a +0 giant spiked club
              (11 damage)
             ... on level 4 of the Dungeon.
             The game lasted 00:04:36 (2846 turns).

stormannn the Skirmisher (Gargoyle Fighter)         Turns: 2846, Time: 00:04:36

Health: -9/40      AC: 18    Str: 22    XL:     6   Next: 74%
Magic:  6/6        EV:  5    Int:  8    God:
Gold:   206        SH:  9    Dex:  9    Spells: 5/5 levels left

rFire    . . .     SeeInvis .   a - +0 war axe
rCold    . . .     Gourm    .   c - +0 shield
rNeg     + . .     Faith    .   g - +0 plate armour
rPois    ∞         Spirit   .   (no helmet)
rElec    +         Reflect  .   v - +0 cloak
rCorr    .         Harm     .   (no gloves)
MR       .....                  m - +0 pair of boots
Stlth    ..........             z - amulet of regeneration
HPRegen  0.53/turn              (no ring)
MPRegen  0.10/turn              (no ring)

@: no status effects
A: negative energy resistance 1, electricity resistance, unbreathing,
petrification resistance, rot immunity, AC +4
a: no special abilities


You were on level 4 of the Dungeon.
You were not hungry.

You visited 1 branch of the dungeon, and saw 4 of its levels.

You collected 206 gold pieces.

Inventory:

Hand Weapons
 a - a +0 war axe (weapon)
Armour
 b - a +0 scale mail
 c - a +0 shield (worn)
 g - a +0 plate armour (worn)
 m - a +0 pair of boots (worn)
 v - a +0 cloak (worn)
 B - the +0 robe of Uhuyle {Str+3 Int+7 Slay+3, unknown}
   (You found it on level 4 of the Dungeon)

   It affects your strength (+3).
   It affects your intelligence (+7).
   It affects your accuracy and damage with ranged weapons and melee attacks
   (+3).
Jewellery
 z - an amulet of regeneration (around neck)
Wands
 q - a wand of polymorph (2)
 t - a wand of iceblast (8)
Scrolls
 e - a scroll of enchant armour {unknown}
 i - 2 scrolls of remove curse {unknown}
 j - 2 scrolls of immolation {unknown}
 n - 7 scrolls of identify {unknown}
 s - a scroll of noise {unknown}
 u - 2 scrolls of teleportation {unknown}
 x - a scroll of enchant weapon {unknown}
 y - 2 scrolls of random uselessness {unknown}
 A - a scroll of amnesia {unknown}
Potions
 d - a potion of might
 h - 3 potions of ambrosia {unknown}
 k - a potion of curing
 l - 2 potions of heal wounds {unknown}
 o - 2 potions of degeneration {unknown}
 p - a potion of invisibility {unknown}
 r - 2 potions of berserk rage {unknown}
 C - a potion of resistance {unknown}
Comestibles
 f - 4 rations
 w - 3 chunks of flesh


   Skills:
 * Level 5.0 Fighting
 + Level 2.8 Axes
 + Level 4.3 Armour
 * Level 2.6 Dodging
 + Level 4.3 Shields


You had 5 spell levels left.
You didn't know any spells.
Your spell library was empty.

Dungeon Overview and Level Annotations

Branches:
Dungeon (4/15)
 Temple: D:4-7

Altars:
Dithmenos


Innate Abilities, Weirdness & Mutations

You are resistant to torment.
Your stone body is resilient. (AC +4)
You are immune to poison.
You resist negative energy. (rN+)
You are resistant to electric shocks. (rElec)
You can survive without breathing.
You are immune to petrification.
You are immune to rotting.


Message History

You are too injured to fight recklessly!
You are too injured to fight recklessly!
You are too injured to fight recklessly!
You are too injured to fight recklessly!
You are too injured to fight recklessly!
You are too injured to fight recklessly!
You are too injured to fight recklessly!
You are too injured to fight recklessly!
You are too injured to fight recklessly!
You are too injured to fight recklessly!
You are too injured to fight recklessly!
You are too injured to fight recklessly!
You are too injured to fight recklessly!
You are too injured to fight recklessly!
You are too injured to fight recklessly!
You are too injured to fight recklessly!
Your plate armour prevents you from hitting the ogre.
The ogre is severely wounded.
The ogre hits you with a +0 giant spiked club!
You die...

... ........#...
........... ...........
#+##........
#..........#
#..........#
#..........#
...##########..........#
......O@..........######
#############.###.#
#........#.#
#.####.#.#.#
#......#.#.#
###########.#.#
#.......# #.#.#
#.#####.# #.#.#
#.#####.# #.#.#


You could see an ogre.

Vanquished Creatures
  4 orc priests
  Jessica (D:3)
  Natasha (thrice) (D:2)
  A worker ant (D:4)
  4 gnolls (D:4)
  2 adders
  A worm (D:3)
  A dart slug (D:1)
  2 leopard geckos
  4 orcs
  A ball python (D:2)
  6 giant cockroaches
  5 goblins
  7 hobgoblins
  2 jackals (D:4)
  2 quokkas
  7 bats
  5 frilled lizards
  9 kobolds
  7 rats
74 creatures vanquished.

Notes
Turn   | Place    | Note
-------+----------+-------------------------------------------
     0 | D:1      | stormannn the Gargoyle Fighter began the quest for the Orb.
     0 | D:1      | Reached XP level 1. HP: 14/14 MP: 1/1
     9 | D:1      | Noticed an electric eel
   182 | D:1      | Reached XP level 2. HP: 17/19 MP: 2/2
   799 | D:2      | You fall through a shaft!
   823 | D:3      | Reached XP level 3. HP: 22/24 MP: 3/3
   824 | D:3      | Reached skill level 1 in Dodging
   953 | D:3      | Found a shadowy altar of Dithmenos.
   969 | D:2      | Reached XP level 4. HP: 29/29 MP: 4/4
  1106 | D:2      | Reached skill level 4 in Fighting
  1203 | D:2      | Noticed Natasha
  1208 | D:2      | Killed Natasha
  1236 | D:2      | Noticed Natasha
  1243 | D:2      | Killed Natasha
  1243 | D:2      | Reached XP level 5. HP: 24/33 MP: 5/5
  1658 | D:2      | Noticed Natasha
  1667 | D:2      | Killed Natasha
  1667 | D:2      | Reached XP level 6. HP: 27/39 MP: 6/6
  2135 | D:3      | Noticed Jessica
  2148 | D:3      | Killed Jessica
  2696 | D:4      | Reached skill level 5 in Fighting
  2744 | D:4      | Got a faintly humming robe
  2845 | D:4      | HP: 1/40 [ogre/+0 giant spiked club (23)]
  2846 | D:4      | Mangled by an ogre

Skill      XL: |  1  2  3  4  5  6 |
---------------+-------------------+-----
Axes           | 2 |  2.8
Dodging        | 1 2 |  2.6
Fighting       | 4 5 |  5.0
Armour         | 4 |  4.3
Shields        | 4 |  4.3

Action                   |  1- 3 |  4- 6 || total
-------------------------+-------+-------++-------
Melee: War axe           |    82 |   221 ||   303
       Unarmed           |       |     3 ||     3
  Eat: Chunk             |       |     7 ||     7
Armor: Scale mail        |    10 |       ||    10
       Plate armour      |    36 |   147 ||   183
Dodge: Dodged            |    13 |    53 ||    66
Block: Shield            |    46 |   124 ||   170
